AoeStats
← eyupfc

Arena

508522340Analyzed
4v4 RM · 9d ago on Sep 22, 2026· 55m 22s· 8 players
Game mode
Random Map
Map size
Large (8 player)
Population
200
Speed
Normal
Resources
Standard
Victory
Conquest
Starting age
Dark Age
Ending age
Imperial Age
RankedLock teamsTeams togetherTeam positionsShared explorationLock speedFull tech treeHidden civsTurbo modeCheats
Victory
Defeat
🇹🇷 Franks · Türkiye
1372
+10
🇹🇷 Byzantines · Türkiye
1169
+18
🇹🇷 Random · Türkiye
1150
+18
🇹🇷 Turks · Türkiye
1149
+18
🇬🇧 Franks · United Kingdom
1228
-17
🇩🇪 Shu · Germany
1214
-16
🇺🇸 Britons · United States
1205
-16
🇧🇷 Persians · Brazil
1187
-15
Kryptonknight
11:17 Feudal Age
11:59 Double-Bit Axe
14:52 Castle Age
12:36 Horse Collar
16:05 Bow Saw
15:55 Heavy Plow
20:14 Wheelbarrow
21:33 Hand Cart
23:17 Fletching
24:13 Bodkin Arrow
25:04 Padded Archer Armor
28:31 Imperial Age
27:48 Leather Archer Armor
27:25 Gold Mining
27:25 Stone Mining
27:57 Ballistics
27:31 Town Watch
27:32 Loom
30:23 Chemistry
29:24 Bracer
29:59 Conscription
30:32 Yeomen
30:25 Elite Longbowman
33:09 Murder Holes
33:00 Arrowslits
34:07 Ring Archer Armor
39:45 Masonry
40:00 Sappers
43:16 Warwolf
43:26 Siege Engineers
43:51 Architecture
43:03 Treadmill Crane
45:25 Two-Man Saw
Panzarx
11:26 Feudal Age
13:30 Loom
13:35 Double-Bit Axe
13:46 Horse Collar
16:07 Castle Age
16:15 Crossbowman
17:33 Bow Saw
18:24 Fletching
20:03 Padded Archer Armor
24:35 Thumb Ring
24:26 Bodkin Arrow
25:09 Wheelbarrow
26:04 Leather Archer Armor
27:46 Hand Cart
28:23 Heavy Plow
36:54 Gold Mining
36:56 Stone Mining
38:40 Elite Skirmisher
40:05 Ballistics
42:21 Imperial Age
40:11 Town Watch
42:28 Arbalester
44:10 Chemistry
43:12 Bracer
43:42 Ring Archer Armor
44:50 Scale Mail Armor
45:00 Forging
47:09 Two-Man Saw
46:35 Masonry
48:12 Caravan
47:57 Capped Ram
49:07 Squires
50:23 Gold Shaft Mining
49:14 Siege Ram
51:15 Pikeman
54:18 Chain Mail Armor
[ITBB] RossMichael
11:04 Feudal Age
15:29 Castle Age
13:43 Double-Bit Axe
17:08 Bow Saw
16:56 Gold Mining
18:33 Wheelbarrow
29:13 Imperial Age
27:56 Gold Shaft Mining
27:37 Scale Barding Armor
27:34 Husbandry
29:32 Chain Barding Armor
29:25 Cavalier
32:31 Plate Barding Armor
32:09 Forging
34:00 Paladin
36:51 Iron Casting
36:22 Stone Mining
42:20 Scale Mail Armor
45:02 Fletching
47:19 Loom
47:50 Hand Cart
48:32 Light Cavalry
53:58 Blast Furnace
ReiKing
9:46 Feudal Age
15:04 Castle Age
12:54 Double-Bit Axe
13:22 Horse Collar
23:08 Bow Saw
23:54 Heavy Plow
25:38 Wheelbarrow
25:31 Gold Mining
29:23 Imperial Age
26:41 Loom
27:14 Hand Cart
26:48 Town Watch
27:51 Forging
28:33 Bloodlines
28:23 Husbandry
29:05 Cavalier
31:37 Two-Man Saw
31:21 Crop Rotation
30:42 Savar
31:50 Conscription
32:25 Gold Shaft Mining
32:53 Iron Casting
32:23 Scale Barding Armor
33:22 Squires
35:49 Chain Barding Armor
36:46 Blast Furnace
36:50 Fletching
37:06 Kamandaran
37:29 Padded Archer Armor
37:36 Thumb Ring
38:22 Parthian Tactics
37:17 Heavy Cavalry Archer
38:39 Ballistics
39:19 Chemistry
40:05 Heavy Cavalry Archer
40:51 Bodkin Arrow
41:12 Leather Archer Armor
41:47 Light Cavalry
43:03 Ring Archer Armor
43:26 Hussar
isik.cemil
11:03 Feudal Age
11:31 Loom
15:10 Castle Age
13:00 Double-Bit Axe
12:57 Horse Collar
16:18 Bow Saw
22:15 Wheelbarrow
22:28 Heavy Plow
23:17 Hand Cart
26:52 Gold Mining
26:55 Stone Mining
29:48 Imperial Age
27:40 Scale Mail Armor
27:50 Forging
28:53 Chain Mail Armor
28:05 Pikeman
28:45 Squires
28:31 Gambesons
29:23 Arson
31:07 Conscription
30:09 Clerical Recruitment
30:17 Shield Wall
31:56 Elite Varangian Guard
33:45 Iron Casting
33:40 Plate Mail Armor
33:12 Halberdier
36:02 Ballistics
37:02 Caravan
37:33 Coinage
39:28 Elite Hearth Troop
43:45 Banking
43:26 Guilds
44:10 Masonry
45:01 Chemistry
47:21 Gold Shaft Mining
47:47 Two-Man Saw
47:19 Crop Rotation
53:54 Padded Archer Armor
53:45 Fletching
55:36 Town Watch
KingMoonborn
11:45 Feudal Age
15:46 Castle Age
14:05 Double-Bit Axe
14:52 Loom
16:48 Bow Saw
17:49 Bow Saw
17:24 Horse Collar
22:31 Scale Mail Armor
23:36 Squires
25:52 Chain Mail Armor
25:46 Arson
30:54 Forging
34:01 Fortified Wall
33:47 Murder Holes
37:16 Imperial Age
34:17 Pikeman
37:47 Iron Casting
37:19 Halberdier
40:04 Plate Mail Armor
40:03 Conscription
40:33 Wheelbarrow
41:42 Elite Varangian Guard
43:06 Logistica
54:48 Hand Cart
55:06 Guilds
eyupfc
11:39 Feudal Age
16:04 Castle Age
14:12 Double-Bit Axe
14:47 Gold Mining
14:47 Horse Collar
20:52 Imperial Age
24:12 Bow Saw
24:08 Heavy Plow
25:36 Padded Archer Armor
31:53 Scale Barding Armor
31:59 Forging
32:55 Two-Man Saw
32:12 Husbandry
32:23 Bloodlines
32:53 Fortified Wall
33:40 Heavy Camel Rider
34:57 Iron Casting
35:50 Chain Barding Armor
36:10 Gold Shaft Mining
36:14 Wheelbarrow
36:08 Murder Holes
37:15 Blast Furnace
36:33 Stone Mining
38:50 Leather Archer Armor
38:27 Fletching
39:19 Hand Cart
38:49 Town Watch
38:53 Loom
39:58 Plate Barding Armor
DarkPaladin
10:38 Feudal Age
15:16 Castle Age
14:23 Double-Bit Axe
21:02 Bow Saw
22:56 Wheelbarrow
24:03 Gold Mining
28:07 Imperial Age
26:51 Gold Shaft Mining
27:00 Loom
26:56 Ordonnance Companies
28:00 Ballistics
28:12 Heavy Mounted Crossbowman
28:20 Cranequins
30:40 Chemistry
30:03 Conscription
30:18 Fletching
30:28 Padded Archer Armor
31:20 Bodkin Arrow
32:51 Leather Archer Armor
33:41 Husbandry
36:36 Elite Skirmisher
43:40 Cavalier
44:34 Forging
44:30 Scale Barding Armor
44:38 Scale Barding Armor
46:04 Iron Casting
45:50 Chain Barding Armor
48:01 Blast Furnace
46:58 Paladin
53:03 Light Cavalry
54:29 Plate Barding Armor
Connection lost

Rejoining the realm…

Still unreachable

The connection could not be restored.

Session expired

The server has moved on; the page needs a fresh start.